 Dungeon Crawl Stone Soup version 0.23.0 (webtiles) character file.

Game seed: 2754978729327850942

2037 Bitard the Basher (level 9, -16/78 HPs)
             Began as a Minotaur Berserker on Feb 10, 2019.
             Was a Believer of Trog.
             Demolished by an ogre
             ... wielding a +0 giant spiked club
              (24 damage)
             ... on level 5 of the Dungeon.
             The game lasted 00:27:31 (4391 turns).

Bitard the Basher (Minotaur Berserker)              Turns: 4391, Time: 00:27:32

Health: -16/78     AC: 11    Str: 25    XL:     9   Next: 4%
Magic:  17/17      EV: 10    Int:  4    God:    Trog [**....]
Gold:   212        SH:  5    Dex: 10    Spells: 8/8 levels left

rFire    . . .     SeeInvis .   v - +3 flail
rCold    . . .     Gourm    .   g - +0 buckler
rNeg     . . .     Faith    .   s - +0 chain mail
rPois    .         Spirit   .   (helmet restricted)
rElec    .         Reflect  .   (no cloak)
rCorr    .         Harm     .   (no gloves)
MR       ++...                  t - +0 pair of boots
Stlth    ..........             (no amulet)
HPRegen  1.23/turn              e - ring of magical power
MPRegen  0.15/turn              (no ring)

@: berserk cooldown, regenerating, slowed, very slow
A: retaliatory headbutt, horns 2
a: Berserk, Trog's Hand, Renounce Religion


You were on level 5 of the Dungeon.
You worshipped Trog.
Trog was pleased with you.
You were hungry.

You visited 1 branch of the dungeon, and saw 6 of its levels.

You collected 212 gold pieces.

Inventory:

Hand Weapons
 v - a +3 flail (weapon)
Armour
 g - a +0 buckler (worn)
 s - a +0 chain mail (worn)
 t - a +0 pair of boots (worn)
Jewellery
 e - a ring of magical power (left hand)
Wands
 a - a wand of random effects (22)
 p - a wand of flame (26)
Scrolls
 b - 2 scrolls of immolation {unknown}
 d - a scroll of fear {unknown}
 i - a scroll of random uselessness {unknown}
 j - 2 scrolls of fog {unknown}
 k - a scroll of enchant weapon {unknown}
 l - 3 scrolls of magic mapping {unknown}
 n - 7 scrolls of remove curse {unknown}
 u - 2 scrolls of identify {unknown}
Potions
 f - 2 potions of degeneration {unknown}
 h - 3 potions of heal wounds {unknown}
 m - 2 potions of curing {unknown}
 o - 2 potions of lignification {unknown}
 q - a potion of brilliance {unknown}
Comestibles
 c - 8 rations
 r - 4 chunks of flesh


   Skills:
 + Level 6.9 Fighting
 * Level 9.1 Maces & Flails
 + Level 6.1 Armour
 + Level 5.7 Dodging
 + Level 5.3 Shields


You had 8 spell levels left.
You didn't know any spells.
Your spell library was empty.

Dungeon Overview and Level Annotations

Branches:
Dungeon (6/15)
 Temple: D:4-7

Altars:
Ashenzari
Dithmenos
Makhleb
Nemelex Xobeh
Okawaru
Ru
Yredelemnul
Zin


Innate Abilities, Weirdness & Mutations

You reflexively headbutt those who attack you in melee.
You have a pair of horns on your head.


Message History

The bullfrog zombie hits you but does no damage.
You can move again.
You are too injured to fight recklessly!
You are too injured to fight recklessly!
You are too injured to fight recklessly!
You are too injured to fight recklessly!
You hit the ogre.
The ogre is lightly wounded.
The centaur barely misses you.
The ogre hits you with a +0 giant spiked club!
* * * LOW HITPOINT WARNING * * *
The bullfrog zombie hits you but does no damage.
The centaur closely misses you.
You hit the ogre. You headbutt the ogre.
The ogre is heavily wounded.
The bullfrog zombie hits you but does no damage.
The centaur closely misses you. You furiously retaliate!
You headbutt the centaur!
The ogre hits you with a +0 giant spiked club!!
You die...

.. #......#
#...........#........
##.................... .
#.....................
..#.....................
....#.......... ####..
.............#..## #..
......cZ.....#...# #..
.......@O....##..#####..
.............##...##....
#.......(....##...#.....
........(.(..##.........
....######.(.###....#..#
...# ###...........# ##.
#.####...#... # #.#
#.###### #.# #.# #


You could see an ogre, a centaur and a bullfrog zombie.

Vanquished Creatures
  Grinder (D:3)
  Sigmund (D:4)
  Eustachio (D:5)
  Menkaure (D:4)
  2 ice beasts
  A phantom (D:5)
  A bullfrog (D:6)
  A scorpion (D:4)
  8 wights (D:6)
  A howler monkey (D:6)
  3 crimson imps
  A centaur skeleton (D:4)
  2 hounds (D:6)
  2 orc priests (D:3)
  An orc wizard (D:6)
  Natasha (thrice) (D:4)
  An iguana (D:6)
  2 worker ants
  A gnoll (D:1)
  12 adders
  A shadow imp (D:6)
  2 adder zombies
  An adder skeleton (D:6)
  2 dart slugs
  3 worms
  7 leopard geckos
  8 orcs
  6 bats
  3 giant cockroaches
  7 goblins
  9 hobgoblins
  6 jackals
  11 kobolds
  6 frilled lizards
  A leopard gecko zombie (D:6)
  15 rats
  A spectral orc (D:3)
135 creatures vanquished.

Notes
Turn   | Place    | Note
-------+----------+-------------------------------------------
     0 | D:1      | Bitard the Minotaur Berserker began the quest for the Orb.
     0 | D:1      | Reached XP level 1. HP: 19/19 MP: 0/0
    44 | D:1      | HP: 1/20 [kobold (3)]
   375 | D:1      | Reached skill level 4 in Maces & Flails
   375 | D:1      | Reached XP level 2. HP: 13/27 MP: 1/1
   733 | D:1      | Reached XP level 3. HP: 19/33 MP: 2/2
  1378 | D:1      | Reached ** piety under Trog
  1527 | D:2      | Reached skill level 1 in Shields
  1527 | D:2      | Reached XP level 4. HP: 15/40 MP: 3/3
  1679 | D:2      | Reached skill level 5 in Maces & Flails
  1742 | D:2      | Found a sacrificial altar of Ru.
  1793 | D:2      | Found an iron altar of Okawaru.
  2150 | D:3      | Reached XP level 5. HP: 33/47 MP: 4/4
  2233 | D:3      | Found a sparkling altar of Nemelex Xobeh.
  2473 | D:3      | Found a basalt altar of Yredelemnul.
  2539 | D:3      | Noticed Grinder
  2542 | D:3      | Paralysed by Grinder for 7 turns
  2556 | D:3      | Killed Grinder
  2556 | D:3      | Reached skill level 5 in Fighting
  2556 | D:3      | Reached skill level 6 in Maces & Flails
  2556 | D:3      | Reached XP level 6. HP: 8/56 MP: 5/5
  3117 | D:4      | Noticed Natasha
  3123 | D:4      | Killed Natasha
  3245 | D:4      | Noticed Sigmund
  3262 | D:4      | Killed Sigmund
  3262 | D:4      | Reached XP level 7. HP: 30/61 MP: 6/6
  3276 | D:4      | Noticed Natasha
  3284 | D:4      | Killed Natasha
  3413 | D:4      | Noticed Menkaure
  3421 | D:4      | Killed Menkaure
  3421 | D:4      | Reached skill level 7 in Maces & Flails
  3424 | D:4      | Noticed Natasha
  3429 | D:4      | Killed Natasha
  3813 | D:5      | Entered Level 5 of the Dungeon
  3820 | D:5      | Found a shadowy altar of Dithmenos.
  3890 | D:5      | Reached skill level 5 in Armour
  3890 | D:5      | Reached XP level 8. HP: 70/70 MP: 7/7
  3931 | D:5      | You fall through a shaft!
  3950 | D:6      | Found a glowing silver altar of Zin.
  3967 | D:6      | Found a shattered altar of Ashenzari.
  3981 | D:6      | Reached skill level 8 in Maces & Flails
  3981 | D:6      | Reached skill level 5 in Dodging
  4178 | D:6      | Found a burning altar of Makhleb.
  4192 | D:6      | Reached skill level 5 in Shields
  4283 | D:5      | Noticed Eustachio
  4288 | D:5      | Killed Eustachio
  4288 | D:5      | Reached skill level 9 in Maces & Flails
  4328 | D:5      | Reached XP level 9. HP: 52/78 MP: 8/8
  4391 | D:5      | Demolished by an ogre

Skill      XL: |  1  2  3  4  5  6  7  8 |
---------------+-------------------------+-----
Maces & Flails | 4 5 6 7 9 |  9.1
Fighting       | 4 5 6 |  6.9
Armour         | 3 4 5 6 |  6.1
Shields        | 1 2 3 4 5 |  5.3
Dodging        | 3 4 5 |  5.7

Action                   |  1- 3 |  4- 6 |  7- 9 || total
-------------------------+-------+-------+-------++-------
Melee: Mace              |    50 |   149 |   153 ||   352
       Headbutt          |    11 |    32 |    36 ||    79
       Flail             |       |       |    17 ||    17
Invok: Berserk           |     2 |     4 |     6 ||    12
       Trog's Hand       |       |    11 |    12 ||    23
 Stab: Sleeping          |     1 |       |       ||     1
  Eat: Chunk             |     4 |    12 |    10 ||    26
       Ration            |       |       |     1 ||     1
Armor: Animal skin       |     5 |       |       ||     5
       Leather armour    |     1 |    11 |       ||    12
       Scale mail        |       |    28 |    14 ||    42
       Chain mail        |       |       |    58 ||    58
Dodge: Dodged            |    46 |    86 |    85 ||   217
Block: Buckler           |     2 |    30 |    39 ||    71
